 Dungeon Crawl Stone Soup version 0.16-a0-3939-g9a3e665 (webtiles) character file.

11419 Tux the Geomancer (level 11, 0/54 HPs)
             Began as a Gargoyle Earth Elementalist on Feb 6, 2015.
             Was a Believer of Vehumet.
             Slain by a wasp simulacrum (8 damage)
             ... on level 11 of the Dungeon.
             The game lasted 01:09:26 (11272 turns).

Tux the Geomancer (Gargoyle Earth Elementalist)    Turns: 11272, Time: 01:09:28

Health: 0/54       AC: 19    Str: 13    XL:     11   Next: 77%
Magic:  17/36      EV: 11    Int: 18    God:    Vehumet [**....]
Gold:   522        SH:  0    Dex: 10    Spells: 7 memorised, 6 levels left

rFire  + . .     SeeInvis +     x - +2 whip (freeze)
rCold  . . .     Clarity  .     E - +3 leather armour {rF+}
rNeg   + + .     SustAb   .     (no shield)
rPois  ∞         Gourm    .     J - +2 helmet {SInv}
rElec  +         Spirit   .     q - +0 cloak
rCorr  .         Warding  .     j - +0 pair of gloves
rMut   .         Stasis   .     C - +0 pair of boots
MR     .....                    t - amulet of rage
Stlth  ++........               n - ring of positive energy
                                Q - ring of magical power

@: about to teleport, not resistant to hostile enchantments, unstealthy
A: negative energy resistance 1, electricity resistance, unbreathing,
petrification resistance, rot immunity, AC +7
a: Renounce Religion, Evoke Berserk Rage


You were on level 11 of the Dungeon.
You worshipped Vehumet.
Vehumet was pleased with you.
You were hungry.

You visited 2 branches of the dungeon, and saw 12 of its levels.
You also visited: Sewer.

You collected 771 gold pieces.
You spent 249 gold pieces at shops.

Inventory:

Hand weapons
 v - a +2 dagger of holy wrath
 x - a +2 whip of freezing (weapon)
 L - a +0 flail of protection
Missiles
 U - 37 stones (quivered)
Armour
 g - a +0 pair of gloves
 h - the +2 leather armour of Mezcal {rC+ rN+ Int+3}
   (You found it on level 10 of the Dungeon)

   It affects your intelligence (+3).
   It protects you from cold.
   It protects you from negative energy.
 j - a +0 pair of gloves (worn)
 q - a +0 cloak (worn)
 C - a +0 pair of boots (worn)
 E - a +3 leather armour of fire resistance (worn)
 J - a +2 helmet of see invisible (worn)
Jewellery
 n - a ring of positive energy (right hand)
 t - an amulet of rage (around neck)
 Q - a ring of magical power (left hand)
Magical devices
 c - a wand of fire (8)
 y - a wand of digging (12)
 z - a wand of slowing (16)
 R - a wand of draining (3)
 W - a wand of disintegration (10)
 Z - a wand of slowing (28)
Scrolls
 b - 2 scrolls of amnesia
 e - 4 scrolls of teleportation
 f - a scroll of identify
 m - 12 scrolls of remove curse
 p - 7 scrolls of fog
 w - 4 scrolls of noise
 B - 2 scrolls of recharging
 F - a scroll of torment {unknown}
 G - 5 scrolls of magic mapping
 H - 2 scrolls of enchant weapon
 O - 4 scrolls of summoning
Potions
 k - 4 potions of heal wounds
 o - 6 potions of curing
 r - 2 potions of resistance
 s - a potion of magic
 D - a potion of invisibility
 V - 3 potions of brilliance
 Y - a potion of agility
Books
 d - a book of Geomancy

   Spells                             Type                      Level
   a - Sandblast                      Earth                        1
   b - Stoneskin                      Transmutation/Earth          2
   c - Passwall                       Transmutation/Earth          3
   d - Stone Arrow                    Conjuration/Earth            3
   e - Petrify                        Transmutation/Earth          4
   f - Lee's Rapid Deconstruction     Earth                        5
 u - a book of Spatial Translocations

   Spells                             Type                      Level
   a - Apportation                    Translocation                1
   b - Blink                          Translocation                2
   c - Shroud of Golubria             Charms/Translocation         2
   d - Portal Projectile              Translocation                3
   e - Teleport Other                 Translocation                3
   f - Passage of Golubria            Translocation                4
 K - a book of Hinderance

   Spells                             Type                      Level
   a - Confusing Touch                Hexes                        2
   b - Confuse                        Hexes                        3
   c - Petrify                        Transmutation/Earth          4
   d - Metabolic Englaciation         Hexes/Ice                    5
   e - Summon Mana Viper              Hexes/Summoning              5
   f - Gell's Gravitas                Hexes/Translocation          6
 M - a book of Clouds

   Spells                             Type                      Level
   a - Mephitic Cloud                 Conjuration/Poison/Air       3
   b - Conjure Flame                  Conjuration/Fire             3
   c - Poisonous Cloud                Conjuration/Poison/Air       6
   d - Freezing Cloud                 Conjuration/Ice/Air          6
   e - Ring of Flames                 Charms/Fire                  7
 P - a book of Changes

   Spells                             Type                      Level
   a - Beastly Appendage              Transmutation                1
   b - Sticks to Snakes               Transmutation                2
   c - Spider Form                    Transmutation/Poison         3
   d - Ice Form                       Ice/Transmutation            4
   e - Blade Hands                    Transmutation                5
Comestibles
 a - 14 bread rations
 i - a mutagenic chunk of flesh
 l - 5 meat rations
 A - 15 fruits
 I - a slice of pizza
 N - 8 beef jerkies
 X - 7 royal jellies


   Skills:
 - Level 2.0 Dodging
 - Level 2.1 Stealth
 - Level 8.0 Spellcasting
 + Level 11.7 Conjurations
 - Level 1.0 Transmutations
 + Level 14.2 Earth Magic


You had 6 spell levels left.
You knew the following spells:

 Your Spells              Type           Power        Failure   Level  Hunger
a - Sandblast             Erth           ######       1%          1    None
b - Stone Arrow           Conj/Erth      ######       1%          3    #......
c - Lee's Rapid Deconstr  Erth           ######....   1%          5    #####..
d - Petrify               Trmt/Erth      ####....     6%          4    ###....
e - Stoneskin             Trmt/Erth      ####....     1%          2    None
f - Conjure Flame         Conj/Fire      ####....     4%          3    #......
g - Blink                 Tloc           N/A          21%         2    None


Dungeon Overview and Level Annotations

Branches:
Dungeon (11/15)            Temple (1/1) D:4
   Lair: D:8-11         Orc: D:9-12

Altars:
Ashenzari
Cheibriados
Dithmenos
Elyvilon
Fedhas
Gozag
Kikubaaqudgha
Makhleb
Nemelex Xobeh
Okawaru
Qazlal
Ru
Sif Muna
Trog
Vehumet
Xom
Yredelemnul
Zin
The Shining One

Shops:
D:4 !   D:5 *

Annotations:
D:11 Psyche


Innate Abilities, Weirdness & Mutations

You are resistant to torment.
You are immune to poison.
Your stone body is very resilient (AC +7).
You resist negative energy.
You are resistant to electric shocks.
You can survive without breathing.
You are immune to petrification.
You are immune to rotting.


Message History

The killer bee simulacrum barely misses you!
Casting: Sandblast
Confirm with ! or Enter, or press ? or * to list all spells!
Aiming: Sandblast
Press: ? - help, Shift-Dir - straight line, f/p - ice beast
Aim: an ice beast
Okay, then!
Casting: Sandblast
Confirm with ! or Enter, or press ? or * to list all spells!
Aiming: Sandblast
Press: ? - help, Shift-Dir - straight line, f - orc wizard, p - ice beast
Aim: an orc wizard, wielding a dagger and wearing a robe The blast of sand hits the orc wizard!
The killer bee simulacrum barely misses you!
The centaur simulacrum hits you but does no damage!
The orc wizard casts a spell!
The orc wizard blinks!!!
The wasp simulacrum hits you!!! * * * don't die
* * * The wasp simulacrum freezes you!!! rip

##### ...## ##....# .>
##.##..# .... #..o.J5#
......##.##ZZ#
.........#§Y@#
..%........Zo##
.........o##.#
......(o.#..##########
........####Y.Z......##
......########oo.##.(#
....####### #o......#
....#####.##ooo....#
....###..##..#.#..#


You could see an ice beast, a jelly, 2 orc wizards, a white imp, a killer bee
simulacrum, a wasp simulacrum, a centaur simulacrum and 2 orcs.

Vanquished Creatures
  The ghost of cheese the Quickloader, an experienced MiHu of Trog (D:10)
  A centaur zombie (D:10)
  2 kobold demonologists (D:11)
  A centaur skeleton (D:10)
  A gargoyle (D:10)
  A freezing wraith (D:9)
  A troll (D:9)
  A polar bear (D:11)
  A queen bee (D:10)
  A centaur simulacrum (D:11)
  2 wyverns (D:9)
  Eustachio (D:5)
  3 deep elf magi
  11 yaks
  A hungry ghost (D:8)
  A wolf (D:11)
  4 sky beasts
  An ice beast (D:9)
  7 ogres
  2 orc warriors
  A wasp (D:8)
  5 phantoms
  A crocodile (Sewer)
  2 centaurs (D:6)
  3 big kobolds
  5 giant frogs
  A water moccasin zombie (D:9)
  3 scorpions
  22 killer bees
  5 wights (D:9)
  A crimson imp (D:5)
  An electric eel (D:6)
  A giant frog zombie (D:8)
  4 hounds
  3 goliath beetles
  A quasit (D:10)
  2 kobold zombies (D:11)
  A giant frog skeleton (D:5)
  A gnoll shaman (D:7)
  4 iguanas
  7 orc wizards
  3 orc priests
  A jelly (D:5)
  5 worker ants
  A giant frog simulacrum (D:11)
  A hound skeleton (D:6)
  A mummy (D:10)
  A worker ant zombie (D:6)
  Robin (D:3)
  29 gnolls
  8 adders
  2 shadow imps
  5 giant mites
  2 white imps (D:11)
  A worm (D:2)
  An adder zombie (D:5)
  10 giant geckos
  An ooze (D:1)
  31 orcs
  A ball python (D:6)
  2 bat skeletons
  A bat zombie (D:6)
  6 giant cockroaches
  32 hobgoblins
  8 jackals
  6 quokkas
  17 bats
  A giant gecko skeleton (D:5)
  A giant gecko zombie (D:5)
  A giant newt (D:1)
  53 goblins
  A jackal skeleton (D:6)
  26 kobolds
  16 rats
394 creatures vanquished.

Notes
Turn   | Place    | Note
--------------------------------------------------------------
     0 | D:1      | Tux, the Gargoyle Earth Elementalist, began the quest for the Orb.
     0 | D:1      | Reached XP level 1. HP: 10/10 MP: 3/3
   118 | D:1      | Reached XP level 2. HP: 10/15 MP: 0/4
   130 | D:1      | Reached skill level 4 in Earth Magic
   611 | D:1      | Reached XP level 3. HP: 19/19 MP: 4/6
  1066 | D:2      | Reached XP level 4. HP: 12/24 MP: 0/9
  1251 | D:2      | Found an iron altar of Okawaru.
  1354 | D:2      | Found a snail-covered altar of Cheibriados.
  2056 | D:3      | Reached XP level 5. HP: 28/28 MP: 8/13
  2300 | D:3      | Found a deep blue altar of Sif Muna.
  2312 | D:3      | Found a shimmering altar of Xom.
  2312 | D:3      | Found a stormy altar of Qazlal.
  2318 | D:3      | Found an opulent altar of Gozag.
  2410 | D:3      | Reached skill level 5 in Spellcasting
  2583 | D:3      | Noticed Robin
  2778 | D:3      | Reached XP level 6. HP: 26/32 MP: 9/18
  2925 | D:3      | Killed Robin
  2954 | D:3      | Learned a level 3 spell: Stone Arrow
  2960 | D:3      | Learned a level 5 spell: Lee's Rapid Deconstruction
  2965 | D:3      | Learned a level 4 spell: Petrify
  2968 | D:3      | Learned a level 2 spell: Stoneskin
  3375 | D:3      | Reached skill level 6 in Spellcasting
  3416 | D:3      | Noticed a big kobold
  3417 | D:3      | Noticed a big kobold
  3466 | D:3      | Killed a big kobold
  3466 | D:3      | Reached XP level 7. HP: 31/36 MP: 0/20
  3493 | D:3      | Killed a big kobold
  3829 | D:4      | Found a staircase to the Ecumenical Temple.
  3844 | Temple   | Entered the Ecumenical Temple
  3994 | D:4      | Reached skill level 7 in Spellcasting
  4007 | D:4      | Found a glowing drain.
  4056 | Sewer    | Entered a sewer
  4664 | D:4      | Found Werr's Distillery.
  4679 | D:4      | Bought a potion of degeneration for 11 gold pieces
  4680 | D:4      | Bought a potion of resistance for 110 gold pieces
  4680 | D:4      | Bought a potion of magic for 88 gold pieces
  4680 | D:4      | Bought a potion of mutation for 27 gold pieces
  4680 | D:4      | Gained mutation: You are somewhat resistant to further mutation. [potion of mutation]
  4943 | D:5      | Entered Level 5 of the Dungeon
  5005 | D:5      | Reached skill level 8 in Spellcasting
  5005 | D:5      | Reached XP level 8. HP: 39/41 MP: 20/24
  5032 | D:5      | Got an ancient leather armour
  5043 | D:5      | Identified the +3 leather armour of Badet {-Cast rC+ MR- rCorr Int+6} (You found it on level 5 of the Dungeon)
  5072 | D:5      | Reached skill level 5 in Earth Magic
  5113 | D:5      | Noticed Eustachio
  5313 | D:5      | Killed Eustachio
  5331 | D:5      | Found Qosemopt's Serpentskin Sales.
  5340 | D:5      | Bought a potion of poison for 13 gold pieces
  5348 | D:5      | Found a burning altar of Makhleb.
  5424 | D:5      | Lost mutation: You are somewhat resistant to further mutation. [potion of cure mutation]
  5483 | D:5      | Reached skill level 1 in Transmutations
  5739 | D:6      | Reached skill level 1 in Conjurations
  5780 | D:6      | Found a glowing silver altar of Zin.
  5940 | D:6      | Reached XP level 9. HP: 42/45 MP: 10/25
  6107 | D:6      | Reached skill level 5 in Conjurations
  6570 | D:7      | Reached skill level 9 in Earth Magic
  6608 | D:7      | Learned a level 3 spell: Conjure Flame
  7187 | D:8      | Reached skill level 10 in Earth Magic
  7554 | D:8      | Reached XP level 10. HP: 50/50 MP: 14/26
  7731 | D:8      | Reached skill level 11 in Earth Magic
  8400 | D:9      | Found a radiant altar of Vehumet.
  8414 | D:9      | Became a worshipper of Vehumet
  8633 | D:9      | Reached skill level 12 in Earth Magic
  8674 | D:9      | Found a blossoming altar of Fedhas.
  8891 | D:10     | Entered Level 10 of the Dungeon
  9069 | D:9      | Reached XP level 11. HP: 34/54 MP: 27/27
  9153 | D:10     | Reached skill level 10 in Conjurations
  9169 | D:10     | Reached skill level 13 in Earth Magic
  9177 | D:10     | Noticed cheese's ghost (experienced MiHu)
  9308 | D:10     | Killed cheese's ghost
  9544 | D:10     | Acquired Vehumet's first power
  9544 | D:10     | Offered knowledge of Magic Dart by Vehumet.
 10085 | D:10     | Gained mutation: Your spells are a little easier to cast, but a little less powerful. [mutagenic meat]
 10086 | D:10     | Lost mutation: Your spells are a little easier to cast, but a little less powerful. [potion of cure mutation]
 10109 | D:10     | Learned a level 2 spell: Blink
 10469 | D:10     | Gained mutation: You have a pair of small horns on your head. [potion of beneficial mutation]
 10507 | D:10     | Lost mutation: You have a pair of small horns on your head. [potion of cure mutation]
 10696 | D:10     | Got a dazzling leather armour
 10697 | D:10     | Identified the +2 leather armour of Mezcal {rC+ rN+ Int+3} (You found it on level 10 of the Dungeon)
 11034 | D:11     | Noticed an ice devil
 11034 | D:11     | Noticed Psyche
 11098 | D:10     | Offered knowledge of Flame Tongue by Vehumet.
 11151 | D:11     | Reached skill level 14 in Earth Magic
 11272 | D:11     | Slain by a wasp simulacrum

Action                   |  1- 3 |  4- 6 |  7- 9 | 10-12 || total
-------------------------+-------+-------+-------+-------++-------
Melee: Unarmed           |     2 |       |       |       ||     2
       Whip              |       |       |     4 |    56 ||    60
 Cast: Sandblast         |    48 |   179 |   273 |   202 ||   702
       Stone Arrow       |       |       |    20 |    99 ||   119
       Lee's Rapid Decon |       |       |     4 |     3 ||     7
  Use: Scroll            |     1 |       |       |    14 ||    15
       Potion            |       |     1 |    10 |     3 ||    14
 Stab: Invisible         |       |       |     1 |       ||     1
  Eat: Chunk             |     1 |     7 |    10 |    14 ||    32
       Beef jerky        |       |       |     1 |       ||     1
       Pizza             |       |       |     1 |       ||     1
